 Dungeon Crawl Stone Soup version 0.20-a0-1124-g2e29d97 (webtiles) character file.

128 Kikal the Ruffian (level 4, 0/35 HPs)
             Began as a Mummy Monk on May 15, 2017.
             Was a Believer of Trog.
             Killed from afar by an orc wizard (8 damage)
             ... with a puff of flame
             ... on level 3 of the Dungeon.
             The game lasted 00:18:04 (3426 turns).

Kikal the Ruffian (Mummy Monk)                      Turns: 3426, Time: 00:18:05

Health: 0/35       AC:  3    Str: 15    XL:     4   Next: 87%
Magic:  4/4        EV: 12    Int:  9    God:    Trog [**....]
Gold:   82         SH:  0    Dex: 14    Spells: 3/3 levels left

rFire    . . .     SeeInvis .     - Unarmed
rCold    + + .     Gourm    .   (no shield)
rNeg     + + +     Faith    .   h - +0 leather armour
rPois    ∞         Spirit   .   (no helmet)
rElec    .         Reflect  .   g - scarf {rC+ rF+} {fucking awesome}
rCorr    +         Harm     .   (no gloves)
MR       ++...                  (no boots)
Stlth    ++........             (no amulet)
Regen    1.2/turn               m - ring of resist corrosion
MPRegen  0.1/turn               (no ring)

@: regenerating
A: no food or potions, fire vulnerability, cold resistance 1, negative energy
resistance 3, torment resistance, unbreathing
a: Trog's Hand, Burn Spellbooks, Renounce Religion


You were on level 3 of the Dungeon.
You worshipped Trog.
Trog was pleased with you.
You were not hungry.

You visited 1 branch of the dungeon, and saw 3 of its levels.

You collected 82 gold pieces.

Inventory:

Hand Weapons
 p - a +0 blowgun
Missiles
 c - 60 stones (quivered)
 e - 6 javelins
 f - 25 poisoned needles
 j - 34 arrows
Armour
 a - a +0 robe
 d - a +0 buckler
 g - a scarf of resistance (worn) {fucking awesome}
 h - a +0 leather armour (worn)
 n - a +0 ring mail
Jewellery
 m - a ring of resist corrosion (left hand)
Scrolls
 b - a scroll of enchant weapon {unknown}
 i - a scroll of identify {unknown}
 k - 3 scrolls of teleportation
 l - a scroll of enchant armour {unknown}
 o - a scroll of remove curse {unknown}


   Skills:
 + Level 3.4 Fighting
 - Level 2.4 Dodging
 - Level 1.5 Stealth
 + Level 4.4 Unarmed Combat


You had 3 spell levels left.
You didn't know any spells.

Dungeon Overview and Level Annotations

Branches:
Dungeon (3/15)

Altars:
Okawaru
Trog

Annotations:
D:2 exclusion: downstairs


Innate Abilities, Weirdness & Mutations

You do not eat or drink.
Your flesh is vulnerable to fire.
You are immune to poison.
Your flesh is cold resistant. (rC+)
You are immune to negative energy. (rN+++)
You are immune to unholy pain and torment.
You can survive without breathing.


Message History

The puff of frost hits you! You resist.
* * * LOW HITPOINT WARNING * * *
You take 1 damage, and have 5/35 hp.
You closely miss something. The bat closely misses you.
You hear some strange, mumbled words.
A puff of frost appears from out of thin air!
The puff of frost hits you! You resist.
* * * LOW HITPOINT WARNING * * *
You hit something but do no damage. Something hits you but does no damage.
The bat hits you but does no damage.
You regained 2 hp, and now have 7/35 hp.
You completely miss something.
You feel the effects of Trog's Hand fading.
The bat hits you but does no damage. Something hits you.
* * * LOW HITPOINT WARNING * * *
You completely miss something. The bat misses you.
You hear some strange, mumbled words.
A puff of flame appears from out of thin air!
The puff of flame hits you!
You die...

...................###......#
..........###...............#
.........####......##.#.....#
..........#........(..#.....#
#..#...............(.....####
#.######.#..#.#.##.#####...#
.. #.#....#.#..# ###.# .
##........{.## #.###
....#....b@### #.#.#
####..........# ###...#
.##.....)....##.# #....##
....####.....##.#####...##
.............##..........#
#######.......####.......#
#.............#.....#
#.#.......######....#
#.#......####.......#


You could see a bat.

Vanquished Creatures
  An orc priest (D:2)
  An orc wizard (D:3)
  2 adders
  A worm (D:2)
  A dart slug (D:2)
  2 leopard geckos
  2 orcs
  3 giant cockroaches
  7 goblins
  3 hobgoblins
  A jackal (D:2)
  6 kobolds
  7 bats
  3 frilled lizards
  7 rats
47 creatures vanquished.

Notes
Turn   | Place    | Note
-------+----------+-------------------------------------------
     0 | D:1      | Kikal the Mummy Monk began the quest for the Orb.
     0 | D:1      | Reached XP level 1. HP: 18/18 MP: 1/1
   244 | D:1      | Reached XP level 2. HP: 24/24 MP: 2/2
   412 | D:1      | Reached skill level 3 in Unarmed Combat
   771 | D:2      | Found a bloodstained altar of Trog.
   788 | D:2      | Became a worshipper of Trog the Wrathful
   788 | D:2      | Reached * piety under Trog
   788 | D:2      | Reached ** piety under Trog
   797 | D:2      | Found an iron altar of Okawaru.
  1203 | D:2      | Reached XP level 3. HP: 17/29 MP: 3/3
  2170 | D:2      | Reached skill level 4 in Unarmed Combat
  2170 | D:2      | Reached XP level 4. HP: 3/35 MP: 4/4
  3426 | D:3      | Killed from afar by an orc wizard

Vault maps used:
D:1:      lightli_arrival_isolated_outpost
D:2:      lemuel_crystal_altar, overflow_temple_1_default, first_bread,
          kennysheep_generic_room_9, uniq_crazy_yiuf_cottage

Skill      XL: |  1  2  3 |
---------------+----------+-----
Unarmed Combat | 3 4 |  4.4
Fighting       | |  3.4
Dodging        | |  2.4
Stealth        | |  1.5

Action                   |  1- 3 |  4- 6 || total
-------------------------+-------+-------++-------
Melee: Unarmed           |   163 |   118 ||   281
       Punch             |     3 |     3 ||     6
 Fire: Blowgun           |       |     5 ||     5
Throw: Stone             |     9 |       ||     9
Invok: Trog's Hand       |       |     2 ||     2
  Use: Scroll            |     1 |       ||     1
 Stab: Sleeping          |     4 |     1 ||     5
Armor: Robe              |    18 |       ||    18
       Leather armour    |    20 |    22 ||    42
Dodge: Dodged            |   116 |    63 ||   179
